 Dungeon Sprint DCSS version 0.26-a0-852-g6321bf7485 (webtiles) character file.

Game seed: 13836021401332655477

250 sahdkjhfkaj the Imperceptible (level 5, 0/24 HPs)
             Began as a Felid Monk on Nov 21, 2020.
             Was a Priest of Ru.
             Slain by a wolf (10 damage)
             ... in the Dungeon (Sprint VII: "The Pits").
             The game lasted 00:02:14 (1049 turns).

sahdkjhfkaj the Imperceptible (Felid Monk)          Turns: 1049, Time: 00:02:14

Health: 0/24       AC:  2    Str:  7    XL:     5   Next: 88%
Magic:  6/6        EV: 20    Int: 12    God:    Ru [***...]
Gold:   0          SH:  0    Dex: 20    Spells: 4/4 levels left
                                        Lives:  0   Deaths: 2

rFire    . . .     SeeInvis +     - Unarmed
rCold    . . .     Faith    .   (shield unavailable)
rNeg     . . .     Spirit   .   (armour unavailable)
rPois    .         Reflect  .   (helmet unavailable)
rElec    .         Harm     .   (cloak unavailable)
rCorr    .         Rampage  .   (gloves unavailable)
MR       .....     NoTele   +   (boots unavailable)
Stlth    +++++++++.             (no amulet)
HPRegen  0.00/turn              (no ring)
MPRegen  0.10/turn              (no ring)

@: quick
A: very small, no armour, no weapons or thrown items, stealth, claws 1, fangs 3,
see invisible, speed 1, shaggy fur 2, inhibited regeneration, inability to use
devices, sharp paws
a: Draw Out Power, Renounce Religion


You were in the Dungeon.
You worshipped Ru.
Ru was most pleased with you.
You visited 1 branch

Inventory:

Scrolls
 h - 3 scrolls of remove curse
 i - 5 scrolls of amnesia
Potions
 a - 3 potions of curing
 b - 4 potions of heal wounds
 c - a potion of haste
 d - 4 potions of magic
 f - a potion of flight {unknown}
 g - a potion of invisibility


   Skills:
 - Level 3.0 Fighting
 - Level 4.0 Dodging
 + Level 21.6 Stealth
 - Level 3.0 Unarmed Combat


You had 4 spell levels left.
You didn't know any spells.
Your spell library was empty.

Dungeon Overview and Level Annotations

Branches:
Dungeon (1/1)

Altars:
Ashenzari
Cheibriados
Dithmenos
Elyvilon
Fedhas
Gozag
Hepliaklqana
Kikubaaqudgha
Makhleb
Nemelex Xobeh
Okawaru
Qazlal
Ru
Sif Muna
Trog
Uskayaw
Vehumet
Wu Jian
Xom
Yredelemnul
Zin
The Shining One
Beogh
Jiyva
Lugonu


Innate Abilities, Weirdness & Mutations

You cannot wear armour.
You are incapable of wielding weapons or throwing items.
Your paws allow you to move quietly. (Stealth)
You have sharp claws.
You have razor-sharp teeth.
You have supernaturally acute eyesight. (SInv)
You cover ground quickly.
You are covered in thick fur. (AC +2)
You do not regenerate when monsters are visible.
You cannot study or use magical devices.
Your sharp claws are effective at attacking unaware monsters.


Message History

You rejoin the land of the living...
Unknown command.
Unknown command.
Unknown command.
Unknown command.
The tarantella misses you.
You completely miss the tarantella.
The tarantella is moderately wounded.
The tarantella bites you!
Ouch! That really hurt!
The phantom blinks!
The tarantella misses you.
You scratch the tarantella.
You bite the tarantella, but do no damage.
The tarantella is moderately wounded.
The tarantella barely misses you.
You barely miss the tarantella.
The tarantella is moderately wounded.
The wolf misses you. The tarantella misses you.
The phantom blinks!
The wolf bites you!
You die...

#.#........##.......#
#'###########.......#
#.......#..##########
#...#...#†######
#..W#...#†#....#
#)##.##.#†#...
#...#...#.'..h.+
#...#..h#'#....#
#.....@s§†#....#
########### ####


You could see a phantom, a tarantella and a wolf.

Vanquished Creatures
  A komodo dragon (D)
  Menkaure (D)
  4 wolves (D)
  Dowan (D)
  2 quasits (D)
  A hound (D)
  An ufetubus (D)
  An ooze (D)
  A leopard gecko (D)
  An orc (D)
  2 giant cockroaches (D)
  A hobgoblin (D)
  2 quokkas (D)
  A ball python (D)
  A frilled lizard (D)
21 creatures vanquished.

Vanquished Creatures (collateral kills)
  Duvessa (D)
  A hound (D)
  A goblin (D)
  3 jackals (D)
  A frilled lizard (D)
7 creatures vanquished.

Grand Total: 28 creatures vanquished

Notes
Turn   | Place    | Note
-------+----------+-------------------------------------------
     0 | D        | sahdkjhfkaj the Felid Monk began the quest for the Orb.
     0 | D        | Reached XP level 1. HP: 10/10 MP: 2/2
    16 | D        | Reached skill level 4 in Stealth
   137 | D        | Found a bloodstained altar of Trog.
   137 | D        | Found a shimmering blue altar of Sif Muna.
   137 | D        | Found a viscous altar of Jiyva.
   137 | D        | Found a hazy altar of Hepliaklqana.
   137 | D        | Found an opulent altar of Gozag.
   138 | D        | Found a glowing golden altar of the Shining One.
   138 | D        | Found a glowing silver altar of Zin.
   138 | D        | Found a basalt altar of Yredelemnul.
   138 | D        | Found a shimmering altar of Xom.
   138 | D        | Found an ornate altar of the Wu Jian Council.
   138 | D        | Found a sacrificial altar of Ru.
   138 | D        | Found a stormy altar of Qazlal.
   138 | D        | Found an iron altar of Okawaru.
   138 | D        | Found a sparkling altar of Nemelex Xobeh.
   138 | D        | Found a burning altar of Makhleb.
   138 | D        | Found a blossoming altar of Fedhas.
   138 | D        | Found a white marble altar of Elyvilon.
   138 | D        | Found a shadowy altar of Dithmenos.
   138 | D        | Found a snail-covered altar of Cheibriados.
   139 | D        | Found a radiant altar of Vehumet.
   139 | D        | Found a corrupted altar of Lugonu.
   139 | D        | Found a roughly hewn altar of Beogh.
   140 | D        | Found an ancient bone altar of Kikubaaqudgha.
   140 | D        | Found a hide-covered altar of Uskayaw.
   140 | D        | Found a broken altar of Ashenzari.
   142 | D        | Became a worshipper of Ru the Awakened
   164 | D        | Gained mutation: You cannot study or use magical devices.
                  | [Ru sacrifice]
   164 | D        | Reached * piety under Ru
   164 | D        | Reached ** piety under Ru
   175 | D        | Reached skill level 5 in Stealth
   193 | D        | Reached skill level 6 in Stealth
   196 | D        | Noticed Menkaure
   202 | D        | Reached XP level 2. HP: 14/14 MP: 3/3
   205 | D        | Reached skill level 7 in Stealth
   234 | D        | Killed Menkaure
   235 | D        | Reached skill level 13 in Stealth
   235 | D        | Reached XP level 3. HP: 17/17 MP: 4/4
   235 | D        | Reached XP level 4. HP: 21/21 MP: 5/5
   235 | D        | Reached XP level 5. HP: 24/24 MP: 6/6
   274 | D        | Noticed Dowan
   278 | D        | Noticed Duvessa
   279 | D        | Killed Dowan
   280 | D        | Reached skill level 15 in Stealth
   292 | D        | Killed Duvessa
   293 | D        | Reached skill level 16 in Stealth
   436 | D        | Gained mutation: You are covered in thick fur. (AC +2)
                  | [Felid growth]
   436 | D        | Reached XP level 6. HP: 22/28 MP: 7/7
   523 | D        | Noticed a komodo dragon
   531 | D        | Killed a komodo dragon
   532 | D        | Reached skill level 19 in Stealth
   532 | D        | Reached XP level 7. HP: 15/31 MP: 8/8
   909 | D        | Gained mutation: You do not regenerate when monsters are
                  | visible. [Ru sacrifice]
   909 | D        | Reached *** piety under Ru
   927 | D        | Reached skill level 20 in Stealth
   993 | D        | Noticed a tarantella
  1007 | D        | Reached skill level 21 in Stealth
  1021 | D        | Slain by a wolf
  1022 | D        | Reached XP level 6. HP: -2/28 MP: 7/7
  1043 | D        | Mangled by a tarantella
  1044 | D        | Reached XP level 5. HP: -7/24 MP: 6/6
  1049 | D        | Slain by a wolf

Illustrated notes

Levels and vault maps discovered:
D:        pitsprint [storerooms_1, entrance_room_1, metal_vault_8, armoury_2,
          mini_pit_1, grid_room_1, main_hall_1, silver_pit, the_coven_1,
          the_vestibule_1, steel_vault_2, golden_pit, hallway_of_sentries,
          crystal_vault_1, iron_vault_2, final_vault]

Skill      XL: |  1  2  3  4  5  6  7 |
---------------+----------------------+-----
Stealth        | 6 13 16 19 21 | 21.6
Fighting       | |  3.0
Dodging        | |  4.0
Unarmed Combat | |  3.0

Action                   |  1- 3 |  4- 6 |  7- 9 || total
-------------------------+-------+-------+-------++-------
Melee: Unarmed           |    17 |    39 |    40 ||    96
       Bite              |     1 |     5 |     2 ||     8
       Punch             |       |     1 |       ||     1
Invok: Sacrifice Artific |     1 |       |       ||     1
       Draw Out Power    |       |     1 |       ||     1
       Sacrifice Purity  |       |       |     1 ||     1
  Use: Scroll            |       |     2 |       ||     2
       Potion            |       |     8 |     1 ||     9
 Stab: Sleeping          |     5 |     2 |     1 ||     8
Armor: Skin              |     1 |     5 |       ||     6
Dodge: Dodged            |     6 |    82 |    30 ||   118

Table legend: (Time is in decaauts)
 A = Elapsed time spent in this place.
 B = Non-inter-level travel time spent in this place.
 C = Inter-level travel time spent in this place.
 D = Time resting spent in this place.
 E = Time spent auto-exploring this place.
 F = Levels seen in this place.
 G = Mean time per level.
                   A        B        C        D        E       F      G
               +--------+--------+--------+--------+--------+-----+--------+
         Total |   1016 |   1003 |     13 |    725 |      0 |   1 | 1016.0 |
       Dungeon |   1016 |   1003 |     13 |    725 |      0 |   1 | 1016.0 |
               +--------+--------+--------+--------+--------+-----+--------+

Top non-repeatable levels by time:
       D: 1016 daAuts
